 Dungeon Crawl Stone Soup version 0.29.1-1-gd02db6906a (webtiles) character file.

Game seed: 227102590001188481

237 Earthwalker the Covered (level 6, 0/38 HPs)
             Began as a Gargoyle Fighter on Oct 8, 2022.
             Killed from afar by an orc wizard (2 damage)
             ... with a magic dart
             ... on level 4 of the Dungeon.
             The game lasted 00:09:37 (4707 turns).

Earthwalker the Covered (Gargoyle Fighter)          Turns: 4707, Time: 00:09:37

Health: 0/38       AC: 11    Str: 19    XL:     6   Next: 6%
Magic:  7/7        EV:  9    Int: 11    God:
Gold:   172        SH:  0    Dex:  9    Spells: 7/7 levels left

rFire   . . .      SeeInvis .   a - +1 flail
rCold   . . .      Faith    .   c - +1 buckler
rNeg    + . .      Spirit   .   b - +0 scale mail
rPois   ∞          Reflect  .   (no helmet)
rElec   +          Harm     .   (no cloak)
rCorr   .          Rampage  .   (no gloves)
Will    .....                   (no boots)
Stlth   ..........              (no amulet)
HPRegen 0.12/turn               (no ring)
MPRegen 0.10/turn               (no ring)

@: confused
A: sickness immunity, AC +4, negative energy resistance 1, electricity
resistance, torment resistance 1, petrification resistance
a: no special abilities


You were on level 4 of the Dungeon.
You visited 1 branch of the dungeon, and saw 4 of its levels.

You collected 172 gold pieces.

Inventory:

Hand Weapons
 a - a +1 flail (weapon)
Missiles
 e - 4 datura-tipped darts (quivered)
 n - 6 poisoned darts
Armour
 b - a +0 scale mail (worn)
 c - a +1 buckler (worn)
 o - the +1 leather armour of Focus {Int+3}
   (You found it on level 2 of the Dungeon)

   Int:       It affects your intelligence (+3).
Magical Staves
 h - a staff of cold
 t - a staff of earth
Scrolls
 f - a scroll of teleportation
 g - a scroll of poison
Potions
 d - a potion of might
 i - a potion of flight
 k - a potion of berserk rage {unknown}
 m - a potion of attraction {unknown}
 r - a potion of curing {unknown}


   Skills:
 * Level 3.8 Fighting
 * Level 3.6 Maces & Flails
 * Level 4.5 Armour
 * Level 1.0 Dodging
 * Level 1.6 Stealth
 * Level 3.9 Shields
 * Level 1.1 Spellcasting


You had 7 spell levels left.
You didn't know any spells.
Your spell library contained the following spells:

 Spells                   Type           Power      Damage    Failure   Level
 Sting                    Tmut/Pois      0%         1d3       75%         1
 Poisonous Vapours        Pois/Air       0%         N/A       87%         2
 Olgreb's Toxic Radiance  Pois           0%         N/A       100%        4


Dungeon Overview and Level Annotations

Branches:
Dungeon (4/15)
 Temple: D:4-7

Altars:
Sif Muna


Innate Abilities, Weirdness & Mutations

You are immune to sickness and miasma.
Your stone body is resilient. (AC +4)
You are immune to poison.
You resist negative energy. (rN+)
You are resistant to electric shocks. (rElec)
You are resistant to unholy torment.
You are immune to petrification.


Message History

You completely miss the orc. Something hits you.
* * * LOW HITPOINT WARNING * * *
You block the orc's attack.
You barely miss the orc.
You hear some strange, mumbled words.
Something tries to affect you, but you resist.
The orc closely misses you.
You sock the orc!
You kill the orc!
Something hits you but does no damage. Something hits you but does no damage.
You see here a +0 trident.
Something hits you but does no damage. Something hits you but does no damage.
You see here an adder corpse.
Something hits you.
* * * LOW HITPOINT WARNING * * *
Something hits you but does no damage. Something hits you.
* * * LOW HITPOINT WARNING * * *
You barely miss something.
You hear some strange, mumbled words.
You are confused.
You bump into the rock wall.
Something hits you.
* * * LOW HITPOINT WARNING * * *
You hit something. Something hits you but does no damage.
You hear some strange, mumbled words.
Something tries to affect you, but you resist.
You barely miss something.
You hear some strange, mumbled words.
You are more confused.
You're too confused to move!
Something hits you but does no damage. Something hits you but does no damage.
Found 8 gold pieces.
You bump into the rock wall.
Something hits you.
* * * LOW HITPOINT WARNING * * *
You bump into the rock wall.
You hear some strange, mumbled words.
A magic dart appears from out of thin air!
The magic dart hits you.
You die...

#.######.#####.##.###.###
#.# #.# ####.# #)#
#..#####.# #.# #.#
##.$....#.########.# #.#
.#..#..#..).........# #.#
......#!†...)##########.#
>....#..#..#.# .......<#
###.#..#...#{# #########
#...#...##@#
#..#..#.##...#
...#..#..###..#
.##...#.... ...$
#..#..#.## ..#.# .#..#..
..#.# ..# # ..#


There were no monsters in sight!

Vanquished Creatures
  An ogre (D:4)
  2 orc priests (D:3)
  An adder (D:4)
  A shadow imp (D:4)
  3 worms (D:2)
  A dart slug (D:1)
  5 orcs
  6 bats
  9 endoplasms
  7 giant cockroaches
  3 goblins
  2 hobgoblins
  3 jackals (D:1)
  2 quokkas
  5 ball pythons
  A frilled lizard (D:1)
  4 kobolds
  2 rats
58 creatures vanquished.

Vanquished Creatures (others)
  2 plants (D:4)
2 creatures vanquished.

Grand Total: 60 creatures vanquished

Notes
Turn   | Place    | Note
-------+----------+-------------------------------------------
     0 | D:1      | Earthwalker the Gargoyle Fighter began the quest for the
                  | Orb.
     0 | D:1      | Reached XP level 1. HP: 14/14 MP: 1/1
   139 | D:1      | Reached XP level 2. HP: 17/19 MP: 2/2
  1208 | D:1      | Reached XP level 3. HP: 21/23 MP: 3/3
  1249 | D:2      | Found a faded altar of an unknown god.
  1670 | D:2      | Reached skill level 1 in Stealth
  2059 | D:2      | Identified the +1 leather armour of Focus {Int+3}
  2947 | D:3      | Reached XP level 4. HP: 28/28 MP: 4/4
  3516 | D:3      | Reached skill level 4 in Armour
  3746 | D:3      | Reached XP level 5. HP: 11/33 MP: 4/6
  4064 | D:3      | Found a shimmering blue altar of Sif Muna.
  4444 | D:4      | Noticed an ogre
  4458 | D:4      | Killed an ogre
  4459 | D:4      | Reached skill level 1 in Dodging
  4459 | D:4      | Reached skill level 1 in Spellcasting
  4618 | D:4      | Reached XP level 6. HP: 33/38 MP: 7/7
  4707 | D:4      | Killed from afar by an orc wizard

Illustrated notes

Levels and vault maps discovered:
D:1:      amcnicky_arrival_choice, layout_basic, serial_bayou_pond_e,
          minmay_misc_feat_doors
D:2:      layout_rooms, ebering_ecumenical_altar_rust, nicolae_wormholes
D:3:      layout_loops_corners, led_sif_pool
D:4:      layout_loops_ring, minmay_temple_entry_gardened_gates,
          minmay_misc_feat_diagonals, corexii_leaking_fountain, uniq_robin,
          uniq_edmund

Skill      XL: |  1  2  3  4  5 |
---------------+----------------+-----
Stealth        | 1 |  1.6
Armour         | 4 |  4.5
Maces & Flails | 3 |  3.6
Dodging        | 1 |  1.0
Spellcasting   | 1 |  1.1
Fighting       | |  3.8
Shields        | |  3.9

Action                   |  1- 3 |  4- 6 || total
-------------------------+-------+-------++-------
Melee: Flail             |   164 |    88 ||   252
  Use: Scroll            |     4 |     7 ||    11
Armor: Scale mail        |    91 |    48 ||   139
Dodge: Dodged            |    85 |    48 ||   133
Block: Buckler           |    43 |    25 ||    68
